AoeStats
← PiroTrix

Fortress

509168707Analyzed
3v3 RM · 5d ago on Sep 25, 2026· 38m 49s· 6 players
Game mode
Random Map
Map size
Large (8 player)
Population
200
Speed
Normal
Resources
Standard
Victory
Conquest
Starting age
Dark Age
Ending age
Imperial Age
RankedLock teamsTeams togetherTeam positionsShared explorationLock speedFull tech treeHidden civsTurbo modeCheats
Victory
Defeat
🇮🇹 Danes · Italy
969
+14
🇮🇹 Saxons · Italy
960
+15
🇮🇹 Romans · Italy
918
+17
🇹🇷 Bohemians · Türkiye
992
-18
🇦🇷 Huns · Argentina
907
-28
🇨🇱 Franks · Chile
905
-37
[BEINT] SucaDuro
0:28 Loom
8:19 Feudal Age
8:46 Double-Bit Axe
8:55 Gold Mining
13:32 Castle Age
11:49 Man-at-Arms
13:12 Scale Mail Armor
13:23 Gold Mining
13:49 Stone Mining
15:17 Bow Saw
15:22 Long Swordsman
17:03 Squires
23:12 Forging
23:20 Chain Mail Armor
24:07 Ballistics
25:49 Wheelbarrow
26:46 Ballistas
30:43 Imperial Age
28:15 Fletching
28:46 Horse Collar
29:51 Hand Cart
29:53 Heavy Plow
30:47 Iron Casting
30:34 Murder Holes
30:50 Fortified Wall
30:55 Scale Barding Armor
31:51 Gold Shaft Mining
32:52 Heavy Scorpion
35:07 Blast Furnace
34:37 Legionary
37:22 Siege Engineers
38:18 Chemistry
39:04 Comitatenses
[BEINT] ledosgorno
8:20 Feudal Age
12:20 Castle Age
10:29 Double-Bit Axe
17:47 Bow Saw
20:42 Scale Mail Armor
22:28 Gold Mining
25:43 Imperial Age
23:50 Wheelbarrow
24:05 Scale Mail Armor
25:18 Chain Mail Armor
25:21 Forging
24:53 Pikeman
25:34 Squires
25:20 Arson
25:51 Elite Varangian Guard
26:56 Horse Collar
26:59 Halberdier
29:43 Two-Man Saw
29:18 Plate Mail Armor
29:24 Iron Casting
29:34 Heavy Plow
30:32 Gold Shaft Mining
32:23 Conscription
31:50 Shield Wall
35:48 Caravan
[BEINT] caste
7:37 Feudal Age
11:11 Castle Age
9:38 Double-Bit Axe
9:36 Horse Collar
12:18 Bow Saw
12:34 Heavy Plow
20:24 Wheelbarrow
28:38 Imperial Age
26:27 Hand Cart
26:03 Loom
28:06 Forging
27:56 Scale Mail Armor
28:07 Gold Mining
28:43 Elite Varangian Guard
29:01 Capped Ram
30:30 Gold Shaft Mining
30:45 Iron Casting
30:25 Chain Mail Armor
30:36 Stone Mining
30:28 Siege Ram
33:37 Blast Furnace
33:08 Plate Mail Armor
cc
7:27 Feudal Age
8:04 Loom
12:21 Castle Age
10:13 Double-Bit Axe
13:14 Bow Saw
13:02 Horse Collar
16:15 Heavy Plow
24:10 Wheelbarrow
27:17 Imperial Age
26:04 Caravan
26:35 Coinage
27:55 Murder Holes
29:01 Chemistry
28:22 Ballistics
28:01 Murder Holes
28:18 Masonry
28:07 Fletching
28:29 Forging
28:45 Conscription
28:39 Fervor
28:51 Sanctity
29:05 Hand Cart
29:12 Bodkin Arrow
30:39 Banking
31:26 Bracer
36:52 Husbandry
36:12 Cavalier
37:36 Architecture
PiroTrix
8:18 Feudal Age
11:59 Double-Bit Axe
16:34 Castle Age
15:33 Gold Mining
16:35 Stone Mining
17:34 Wheelbarrow
17:49 Bow Saw
22:25 Hand Cart
23:26 Town Watch
25:52 Town Patrol
27:03 Loom
30:42 Imperial Age
29:40 Husbandry
29:48 Scale Barding Armor
29:54 Forging
29:45 Padded Archer Armor
30:48 Cavalier
33:19 Chain Barding Armor
33:35 Iron Casting
32:51 Fletching
33:17 Leather Archer Armor
39:07 Gold Shaft Mining
V-Kan
5:06 Loom
7:26 Feudal Age
8:57 Wheelbarrow
8:13 Double-Bit Axe
8:11 Horse Collar
11:11 Scale Barding Armor
11:20 Forging
16:11 Castle Age
17:37 Husbandry
18:26 Hand Cart
18:11 Gold Mining
18:33 Bow Saw
18:27 Heavy Plow
20:05 Bloodlines
21:05 Town Watch
23:04 Chain Barding Armor
25:15 Stone Mining
29:29 Marauders
31:38 Gold Shaft Mining
34:58 Iron Casting
Connection lost

Rejoining the realm…

Still unreachable

The connection could not be restored.

Session expired

The server has moved on; the page needs a fresh start.